 Dungeon Crawl Stone Soup version 0.32-a0-290-g598725c5f2 (webtiles) character file.

Game seed: 14545126205044193961

6123 EC1 the Cleaver (level 10, -16/86 HPs)
             Began as a Mountain Dwarf Fighter on Feb 13, 2024.
             Was a Priest of Makhleb.
             Demolished by an ettin
             ... wielding a +0 dire flail
              (34 damage)
             ... on level 1 of the Orcish Mines.
             The game lasted 00:31:09 (10152 turns).

EC1 the Cleaver (Mountain Dwarf Fighter)           Turns: 10152, Time: 00:31:09

Health: -16/86     AC: 16    Str: 22    XL:     10   Next: 59%
Magic:  13/13      EV:  7    Int: 12    God:    Makhleb [***...]
Gold:   725        SH:  5    Dex: 13    Spells: 9/9 levels left

rFire   . . .        h - +10 broad axe of Fiaroriz {heavy, rN+ Int-4 Dex+4}
rCold   . . .        c - +0 buckler
rNeg    + . .        F - +0 plate armour
rPois   .            (no helmet)
rElec   .            m - scarf {+Inv}
rCorr   .            f - +0 pair of gloves
SInv    .            l - +0 pair of boots
Will    ++...        (no amulet) Stlth
                     r - +6 ring of intelligence
HPRegen 0.34/turn    L - ring of willpower
MPRegen 0.13/turn

%: no passive effects
@: marked
A: runic magic, artefact enchanting
a: Renounce Religion, Evoke Invisibility, Minor Destruction, Lesser Servant of
Makhleb


You were on level 1 of the Orcish Mines.
You worshipped Makhleb.
Makhleb was most pleased with you.
You visited 3 branches of the dungeon, and saw 12 of its levels.

You collected 725 gold pieces.

Inventory:

Hand Weapons
 a - a +0 war axe
 h - the +10 broad axe of Fiaroriz (weapon) {heavy, rN+ Int-4 Dex+4}
   (You acquired it on level 1 of the Dungeon)

   Int-4:     It affects your intelligence (-4).
   Dex+4:     It affects your dexterity (+4).
   rN+:       It protects you from negative energy.
 o - a +3 vampiric short sword
 C - a +0 whip of draining
 M - a +3 dire flail
 X - a +1 dagger of holy wrath
 Y - a +1 dagger of chaos
Missiles
 q - a curare-tipped dart
 y - 27 poisoned darts
 P - 16 boomerangs
 S - a throwing net
Armour
 b - a +0 troll leather armour
 c - a +0 buckler (worn)
 e - a +0 barding
 f - a +0 pair of gloves (worn)
 g - +0 acid dragon scales
 l - a +0 pair of boots (worn)
 m - a scarf of invisibility (worn)
 F - a +0 plate armour (worn)
 O - a +2 robe of fire resistance
 Q - a +0 plate armour
 U - a +0 pair of boots
Jewellery
 r - a +6 ring of intelligence (left hand)
 L - a ring of willpower (right hand)
 W - a ring of resist corrosion
Talismans
 p - a beast talisman
Wands
 s - a wand of polymorph (11)
 t - a wand of paralysis (15) (quivered)
 D - a wand of iceblast (9)
 I - a wand of acid (6)
 J - a wand of flame (22)
Scrolls
 j - 3 scrolls of poison
 u - 2 scrolls of noise
 w - 5 scrolls of teleportation
 x - 2 scrolls of identify
 z - a scroll of blinking
 G - a scroll of fear
 H - 3 scrolls of enchant weapon
 K - a scroll of immolation
Potions
 d - a potion of might
 i - a potion of brilliance
 k - a potion of mutation
 R - a potion of attraction


   Skills:
 + Level 7.4 Fighting
 + Level 13.2 Axes
 + Level 8.8 Armour
 + Level 2.0 Dodging
 + Level 1.1 Stealth
 + Level 6.0 Shields
 + Level 4.4 Invocations


You had 9 spell levels left.
You didn't know any spells.
Your spell library contained the following spells:

 Spells                   Type           Power      Damage    Failure   Level
 Magic Dart               Conj           0%         1d3       61%         1
 Sting                    Conj/Alch      0%         1d3       61%         1
 Blink                    Tloc           0%         N/A       75%         2
 Call Imp                 Summ           0%         N/A       75%         2
 Ensorcelled Hibernation  Hex/Ice        0%         N/A       75%         2
 Mercury Vapours          Alch/Air       0%         N/A       75%         2
 Sublimation of Blood     Necr           0%         N/A       75%         2
 Dazzling Flash           Conj/Hex       0%         N/A       93%         3
 Gell's Gravitas          Tloc           0%         N/A       93%         3
 Passwall                 Erth           0%         N/A       93%         3
 Swiftness                Air            0%         N/A       93%         3
 Teleport Other           Tloc           0%         N/A       93%         3
 Volatile Blastmotes      Fire/Tloc      0%         2d10      93%         3
 Olgreb's Toxic Radiance  Alch           0%         N/A       100%        4
 Dispersal                Tloc           0%         N/A       100%        6
 Starburst                Conj/Fire      0%         6d3       100%        6
 Summon Hydra             Summ           0%         N/A       100%        7
 Maxwell's Capacitive Co  Air            0%         ∞         100%        8


Dungeon Overview and Level Annotations

Branches:
Dungeon (10/15)            Temple (1/1) D:6             Orc (1/2) D:10
   Lair: D:8-11

Altars:
Ashenzari
Cheibriados
Dithmenos
Elyvilon
Fedhas
Gozag
Hepliaklqana
Kikubaaqudgha
Makhleb
Nemelex Xobeh
Okawaru
Qazlal
Ru
Sif Muna
Trog
Uskayaw
Vehumet
Wu Jian
Xom
Yredelemnul
Zin
The Shining One


Innate Abilities, Weirdness & Mutations

Your spellcasting is much less encumbered by armour.
You can use scrolls of enchantment on lesser artefacts.


Message History

Found 141 gold pieces.
Found a stone staircase leading down.
There is a staircase back to the Dungeon here.
A demon appears!
An ogre comes into view. It is wielding a +0 giant spiked club.
An orc priest comes into view. It is wielding a +0 short sword.
An orc warrior comes into view.
It is wielding a +1 battleaxe of flaming and wearing a +1 chain mail of poison resistance.
An orc comes into view. It is wielding a +0 club.
You hit the ettin.
The ettin is lightly wounded.
An orc comes into view. It is wielding a +0 short sword.
Your smoke demon gestures at the ettin.
The ettin is smitten.
An orc comes into view. It is wielding a +0 hand axe.
The ettin hits you with a +0 dire flail!
The ettin hits you with a +0 great mace.
You completely miss the ettin.
The ettin is moderately wounded.
The orc throws a boomerang.
You block the boomerang.
Your smoke demon hits the ettin.
Your smoke demon hits the ettin but does no damage. x2
An orc wizard comes into view. It is wielding a +0 dagger.
An ogre comes into view. It is wielding a +0 giant club.
An orc comes into view. It is wielding a +0 dagger.
The ettin hits you with a +0 dire flail!
The ettin hits you with a +0 great mace!
You hit the ettin.
The ettin is moderately wounded.
The orc throws a boomerang.
The boomerang hits you but does no damage.
The orc priest looks satisfied for a moment.
Your smoke demon gestures at the ettin.
The pyre arrow hits the ettin.
The ettin hits you with a +0 dire flail.
The ettin hits you with a +0 great mace!!
* * * LOW HITPOINT WARNING * * *
Your smoke demon completely misses the ettin.
Your smoke demon hits the ettin.
Your smoke demon hits the ettin but does no damage.
The ettin hits you with a +0 dire flail!!
You die...

..#..........^..
......$..$...O..
..o.o...........
.......o........
....O...........
..o....3........
o...o.C.........
..o....@<>......
....#........$.#
................
#..........$....
.....$......#.#.
......##.#......
#..... .#..$....
##.##. . ......


You could see an ettin (burning, ally target), an orc warrior, 2 ogres, an orc
priest, an orc wizard, 4 orcs and a friendly smoke demon (summoned).

Vanquished Creatures
  A two-headed ogre (D:9)
  Pikel (D:8)
  Psyche (D:10)
  A troll (D:10)
  Grinder (D:3)
  Sigmund (D:2)
  A shadow (D:10)
  2 wyverns
  11 yaks
  2 acid dragons
  3 orc warriors
  A swamp drake (D:10)
  2 black bears (D:8)
  A sky beast (D:6)
  4 ogres
  3 centaurs
  A phantom (D:6)
  2 kobold brigands
  A bullfrog (D:9)
  3 scorpions
  2 gnoll sergeants
  4 wights (D:8)
  3 killer bees (D:10)
  A howler monkey (D:7)
  3 electric eels (D:10)
  2 quasits (D:5)
  8 orc priests
  3 bombardier beetles
  5 hounds
  A jelly (D:7)
  6 iguanas
  3 sleepcaps
  Ijyb (D:3)
  7 orc wizards
  9 gnolls
  5 adders
  6 shadow imps (D:5)
  3 white imps (D:5)
  6 ufetubi
  48 orcs
  7 endoplasms
  2 giant cockroaches (D:1)
  17 goblins
  5 hobgoblins
  4 quokkas
  6 ball pythons
  8 bats
  A frilled lizard (D:1)
  19 kobolds
  7 rats
245 creatures vanquished.

Notes
Turn   | Place    | Note
-------+----------+-------------------------------------------
     0 | D:1      | EC1 the Mountain Dwarf Fighter began the quest for the Orb.
     0 | D:1      | Reached XP level 1. HP: 19/19 MP: 1/1
   112 | D:1      | Reached XP level 2. HP: 24/26 MP: 2/2
   199 | D:1      | Reached XP level 3. HP: 31/31 MP: 3/3
   472 | D:1      | Identified a scroll of acquirement
   472 | D:1      | Acquired the +10 broad axe of Fiaroriz {heavy, rN+ Int-4
                  | Dex+4}
   617 | D:2      | Noticed Sigmund
   627 | D:2      | Killed Sigmund
   628 | D:2      | Reached skill level 4 in Axes
   628 | D:2      | Reached XP level 4. HP: 36/40 MP: 4/4
   628 | D:2      | Reached XP level 5. HP: 41/46 MP: 5/5
   767 | D:2      | Reached skill level 5 in Axes
   770 | D:2      | Found a hide-covered altar of Uskayaw.
   909 | D:2      | Identified the +3 plate armour "Cihiypob" {Str+2 Slay+3}
  1427 | D:3      | Noticed Ijyb
  1427 | D:3      | Paralysed by Ijyb for 2 turns
  1435 | D:3      | Killed Ijyb
  1436 | D:3      | Reached XP level 6. HP: 49/53 MP: 6/6
  1546 | D:3      | Noticed Grinder
  1552 | D:3      | Killed Grinder
  1553 | D:3      | Reached skill level 6 in Axes
  1553 | D:3      | Reached XP level 7. HP: 56/60 MP: 7/7
  2108 | D:4      | Found an ornate altar of the Wu Jian Council.
  2299 | D:4      | Reached skill level 7 in Axes
  2301 | D:4      | Reached skill level 1 in Dodging
  3026 | D:5      | Entered Level 5 of the Dungeon
  3306 | D:5      | Reached skill level 8 in Axes
  3314 | D:5      | Reached skill level 5 in Armour
  3361 | D:5      | Reached skill level 5 in Fighting
  3498 | D:5      | Reached XP level 8. HP: 68/68 MP: 8/8
  3754 | D:5      | Reached skill level 9 in Axes
  4077 | D:6      | Found a staircase to the Ecumenical Temple.
  4120 | Temple   | Entered the Ecumenical Temple
  4184 | Temple   | Became a worshipper of Hepliaklqana the Forgotten
  4512 | D:6      | Found a burning altar of Makhleb.
  4598 | D:6      | Fell from the grace of Hepliaklqana
  4610 | D:6      | Became a worshipper of Makhleb the Destroyer
  4887 | D:6      | Found a glowing golden altar of the Shining One.
  6096 | D:7      | Found a sparkling altar of Nemelex Xobeh.
  6284 | D:7      | Reached * piety under Makhleb
  6725 | D:8      | Was forgiven by Hepliaklqana
  6732 | D:8      | Reached skill level 10 in Axes
  6740 | D:8      | Found a snail-covered altar of Cheibriados.
  6758 | D:8      | Found a glowing silver altar of Zin.
  7001 | D:8      | Reached XP level 9. HP: 75/75 MP: 9/9
  7018 | D:8      | Reached skill level 5 in Shields
  7309 | D:8      | Found a sacrificial altar of Ru.
  7313 | D:8      | Found a bloodstained altar of Trog.
  7316 | D:8      | Found an iron altar of Okawaru.
  7492 | D:8      | Noticed Pikel
  7496 | D:8      | Killed Pikel
  7497 | D:8      | Reached skill level 11 in Axes
  7497 | D:8      | Reached skill level 1 in Stealth
  7834 | D:9      | Reached skill level 12 in Axes
  7989 | D:9      | Reached ** piety under Makhleb
  8088 | D:9      | Reached skill level 1 in Invocations
  8252 | D:9      | Noticed a two-headed ogre
  8258 | D:9      | Killed a two-headed ogre
  8259 | D:9      | Reached XP level 10. HP: 47/86 MP: 11/11
  8786 | D:10     | Entered Level 10 of the Dungeon
  8844 | D:10     | Noticed Psyche
  8849 | D:10     | Killed Psyche
  8905 | D:10     | Found a shimmering blue altar of Sif Muna.
  9773 | D:10     | Reached skill level 13 in Axes
  9902 | D:10     | Found a blossoming altar of Fedhas.
  9902 | D:10     | Found a radiant altar of Vehumet.
  9914 | D:10     | Found an opulent altar of Gozag.
  9919 | D:10     | Found a hide-covered altar of Uskayaw.
 10010 | D:10     | Found a staircase to the Orcish Mines.
 10034 | D:10     | Reached *** piety under Makhleb
 10147 | Orc:1    | Entered Level 1 of the Orcish Mines
 10147 | Orc:1    | Noticed an ettin
 10152 | Orc:1    | Demolished by an ettin

Illustrated notes

Levels and vault maps discovered:
D:1:      giann_horns, layout_rooms
D:2:      layout_basic, basic_altar, nicolae_the_louvre, uniq_sigmund
D:3:      layout_basic, minmay_misc_feat_rugged, uniq_ijyb, uniq_grinder
D:4:      layout_basic, mainiacjoe_overflow_six_doors_small,
          minmay_ogre_servants
D:5:      layout_basic, serial_demonic, serial_demonic_f, serial_demonic_e,
          serial_demonic_b, serial_demonic_f, serial_demonic_f, serial_demonic_f
D:6:      layout_basic, mainiacjoe_overflow_brackets,
          nicolae_tso_carved_into_rock, minmay_temple_entry_stoned_glass,
          corexii_hall_statues_s
D:7:      layout_basic, nemelex_diamond_rough_becter, nicolae_lava_and_water
D:8:      layout_loops_corners, grunt_temple_overflow_diamond,
          mainiacjoe_overflow_catwalk_spiral, uniq_pikel
D:9:      layout_roguey, dreamdust_wishing_well
D:10:     layout_basic, lemuel_doored_altar,
          nicolae_overflow_macrodata_refinement, erik_orc_1, uniq_psyche
Temple:   hellmonk_temple_of_storms
Orc:1:    layout_caves, serial_shops, shop

Skill      XL: |  1  2  3  4  5  6  7  8  9 10 |
---------------+-------------------------------+-----
Shields        | 4 5 6 |  6.0
Fighting       | 4 5 7 |  7.4
Axes           | 4 5 6 8 10 12 13 | 13.2
Armour         | 4 5 6 8 |  8.8
Dodging        | 1 2 |  2.0
Stealth        | 1 |  1.1
Invocations    | 1 4 |  4.4

Action                     |  1- 3 |  4- 6 |  7- 9 | 10-12 || total
---------------------------+-------+-------+-------+-------++-------
  Melee: War axe           |    37 |       |       |       ||    37
         Broad axe         |     4 |    44 |   290 |    53 ||   391
 Invoke: Renounce Religion |       |       |     1 |       ||     1
         Minor Destruction |       |       |     3 |    21 ||    24
         Lesser Servant of |       |       |       |     1 ||     1
  Evoke: Wand              |       |       |     1 |       ||     1
    Use: Scroll            |     6 |     2 |     6 |     3 ||    17
         Potion            |       |       |     3 |     3 ||     6
   Stab: Paralysed         |       |       |     2 |       ||     2
 Armour: Scale mail        |    31 |    36 |   177 |       ||   244
         Plate armour      |       |       |   153 |    77 ||   230
  Dodge: Dodged            |    35 |    17 |   156 |    16 ||   224
  Block: Buckler           |    11 |     5 |   113 |    15 ||   144

Table legend: (Time is in decaauts)
 A = Elapsed time spent in this place.
 B = Non-inter-level travel time spent in this place.
 C = Inter-level travel time spent in this place.
 D = Time resting spent in this place.
 E = Time spent auto-exploring this place.
 F = Levels seen in this place.
 G = Mean time per level.
                   A        B        C        D        E       F      G
               +--------+--------+--------+--------+--------+-----+--------+
         Total |  10467 |  10232 |    235 |   1528 |   3816 |  12 |  872.2 |
       Dungeon |  10377 |  10142 |    235 |   1528 |   3816 |  10 | 1037.7 |
        Temple |     84 |     84 |      0 |      0 |      0 |   1 |   84.0 |
  Orcish Mines |      5 |      5 |      0 |      0 |      0 |   1 |    5.0 |
               +--------+--------+--------+--------+--------+-----+--------+

Top non-repeatable levels by time:
     D:6: 1388 daAuts
    D:10: 1385 daAuts
     D:8: 1303 daAuts
     D:4: 1140 daAuts
     D:7: 1112 daAuts
     D:5: 1038 daAuts
     D:9: 1017 daAuts
     D:3: 694 daAuts
     D:2: 673 daAuts
     D:1: 624 daAuts
  Temple: 84 daAuts
   Orc:1: 5 daAuts
